 Dungeon Crawl Stone Soup version 0.21.1-68-g103a7af (webtiles) character file.

154 HandholdingErotica the Shooter (level 5, -6/40 HPs)
             Began as a Centaur Arcane Marksman on Aug 1, 2018.
             Killed by divine providence
             ... invoked by an orc priest
              (9 damage)
             ... on level 3 of the Dungeon.
             The game lasted 00:12:33 (2439 turns).

HandholdingErotica the Shooter (CeAM)               Turns: 2439, Time: 00:12:34

Health: -6/40      AC: 11    Str: 13    XL:     5   Next: 13%
Magic:  6/6        EV:  9    Int: 17    God:
Gold:   79         SH:  6    Dex: 10    Spells: 0/6 levels left

rFire    . . .     SeeInvis .   j - +1 short sword (protect)
rCold    . . .     Gourm    .   (no shield)
rNeg     . . .     Faith    .   e - +0 robe
rPois    .         Spirit   .   (no helmet)
rElec    .         Reflect  +   (no cloak)
rCorr    .         Harm     .   (no gloves)
MR       .....                  (no barding)
Stlth    +.........             b - +6 amulet of reflection
HPRegen  0.13/turn              (no ring)
MPRegen  0.10/turn              (no ring)

@: brilliant, protection aura, very quick
A: large, hooves 3, deformed body, speed 2, tough skin 3
a: no special abilities


You were on level 3 of the Dungeon.
You were not hungry.

You visited 1 branch of the dungeon, and saw 3 of its levels.

You collected 79 gold pieces.

Inventory:

Hand Weapons
 a - a +0 shortbow
 j - a +1 short sword of protection (weapon)
 s - a +0 whip
Missiles
 d - 16 arrows
Armour
 e - a +0 robe (worn)
Jewellery
 b - a +6 amulet of reflection (around neck)
Wands
 h - a wand of clouds (5)
 m - a wand of enslavement (16)
Scrolls
 g - a scroll of immolation
 i - a scroll of enchant weapon {unknown}
 n - a scroll of enchant armour {unknown}
 p - a scroll of amnesia
 r - a scroll of magic mapping {unknown}
Potions
 k - 2 potions of cancellation
 l - a potion of brilliance
 o - a potion of magic
Books
 c - a book of Debilitation

   Spells                             Type                      Level
   a - Corona                         Hexes                        1
   b - Slow                           Hexes                        2
   c - Inner Flame                    Hexes/Fire                   3
   d - Portal Projectile              Hexes/Translocation          3
   e - Cause Fear                     Hexes                        4
   f - Leda's Liquefaction            Hexes/Earth                  4
Comestibles
 f - 8 rations


   Skills:
 - Level 1.0 Fighting
 + Level 2.0 Short Blades
 - Level 5.2 Bows
 - Level 1.3 Dodging
 - Level 1.0 Spellcasting
 + Level 3.6 Hexes


You couldn't memorise any spells.
You knew the following spells:

 Your Spells              Type           Power        Failure   Level  Hunger
a - Corona                Hex            ###....      1%          1    ##.....
b - Inner Flame           Hex/Fire       ###.....     3%          3    ####...
c - Slow                  Hex            ###.....     1%          2    ###....


Dungeon Overview and Level Annotations

Branches:
Dungeon (3/15)

Altars:


Innate Abilities, Weirdness & Mutations

You have hooves in place of feet.
Armour fits poorly on your strangely shaped body.
You cover ground very quickly.
You have extremely tough skin. (AC +3)


Message History

The ball python barely misses you.
You hit the orc priest. Your kick misses the orc priest.
The orc priest is heavily wounded.
The ball python bites you but does no damage.
The orc priest calls down the wrath of Beogh upon you.
You barely resist. You hit the orc priest.
You kick the orc priest, but do no damage.
The orc priest is severely wounded.
You block the ball python's attack. You block the orc priest's attack.
The ball python closely misses you.
You closely miss the orc priest.
The orc priest is severely wounded.
The orc priest barely misses you. The ball python barely misses you.
You hit the orc priest but do no damage.
You kick the orc priest, but do no damage.
The orc priest is severely wounded.
The orc priest mumbles some strange prayers to Beogh against you.
Beogh smites you!
You die...

#. # ##.## #. . ###...#
#.###.# ...... #.#...#
#...# #.#.#.#
###.####.## #.....
........... #...#
....###.### #####...# #
#.# #
#..)..@S###########.###
#.####o..........#...##
#†#########....... #.#
###...## #.# ##.... #.#
##### #.# #.# #.#


You could see an orc priest and a ball python.

Vanquished Creatures
  A hound skeleton (D:2)
  2 adders (D:2)
  3 gnolls (D:2)
  3 worms (D:2)
  5 dart slugs
  3 leopard geckos (D:1)
  3 orcs (D:3)
  9 bats
  3 giant cockroaches
  6 goblins
  10 hobgoblins
  2 jackals (D:1)
  7 kobolds
  2 ball pythons (D:1)
  5 frilled lizards
  8 rats
72 creatures vanquished.

Notes
Turn   | Place    | Note
-------+----------+-------------------------------------------
     0 | D:1      | HandholdingErotica the Centaur Arcane Marksman began the quest for the Orb.
     0 | D:1      | Reached XP level 1. HP: 16/16 MP: 2/2
    25 | D:1      | Reached skill level 3 in Bows
   148 | D:1      | Reached XP level 2. HP: 23/23 MP: 3/3
   224 | D:1      | Reached skill level 4 in Bows
   304 | D:1      | Reached XP level 3. HP: 28/28 MP: 4/4
   455 | D:1      | Reached skill level 5 in Bows
   702 | D:1      | Learned a level 3 spell: Inner Flame
  1269 | D:2      | Reached XP level 4. HP: 29/35 MP: 5/5
  1411 | D:2      | Reached skill level 1 in Short Blades
  1952 | D:2      | Reached XP level 5. HP: 36/40 MP: 6/6
  2303 | D:2      | Learned a level 2 spell: Slow
  2432 | D:3      | HP: 2/40 [orc priest/trident (2)]
  2439 | D:3      | Killed from afar by an orc priest

Skill      XL: |  1  2  3  4  5 |
---------------+----------------+-----
Bows           | 3 4 5 |  5.2
Hexes          | 3 |  3.6
Short Blades   | 1 2 |  2.0
Fighting       | |  1.0
Dodging        | |  1.3
Spellcasting   | |  1.0

Action                   |  1- 3 |  4- 6 || total
-------------------------+-------+-------++-------
Melee: Short sword       |    28 |    62 ||    90
       Kick              |     1 |    13 ||    14
 Fire: Shortbow          |   116 |    37 ||   153
 Cast: Corona            |     1 |       ||     1
  Use: Scroll            |     3 |     1 ||     4
       Potion            |       |     3 ||     3
  Eat: Ration            |       |     1 ||     1
Armor: Robe              |    33 |    18 ||    51
Dodge: Dodged            |    46 |    32 ||    78
Block: Other             |    10 |    15 ||    25
